 Dungeon Crawl Stone Soup version 0.23-a0-32-g1388f29e54 (webtiles) character file.

519352 Htamos the Slayer (level 25, -8/180 HPs)
             Began as a Gargoyle Fighter on Aug 4, 2018.
             Was an Initiate of Gozag.
             Mangled by a frost giant
             ... wielding a +2 battleaxe of freezing
              (12 damage)
             ... on level 5 of the Vaults.
             The game lasted 03:36:11 (63007 turns).

Htamos the Slayer (Gargoyle Fighter)               Turns: 63007, Time: 03:36:13

Health: -8/180     AC: 64    Str: 33      XL:     25   Next: 82%
Magic:  0/33       EV:  5    Int:  8 (11) God:    Gozag
Gold:   3263       SH:  0    Dex:  9      Spells: 24/24 levels left

rFire    . . .     SeeInvis +   w - +8 mace "Demon's Regret" {freeze, Str+3}
rCold    . . .     Gourm    .   (no shield)
rNeg     + . .     Faith    .   X - +8 crystal plate armour
rPois    ∞         Spirit   +   C - +0 mask of the Dragon {MR+ Slay+3 SInv}
rElec    +         Reflect  .   S - +2 cloak
rCorr    .         Harm     .   s - +0 pair of gloves of Parts Unknown {rElec rPois Regen+ Stlth+}
MR       ++...                  J - +0 pair of boots
Stlth    ..........             R - amulet of guardian spirit
HPRegen  0.80/turn              Q - +4 ring of slaying
MPRegen  0.23/turn              E - +5 ring of slaying

@: gold aura, berserk cooldown, constricted
A: antennae 1, big wings, slimy green scales 1, negative energy resistance 1,
electricity resistance, unbreathing, evolution 1, petrification resistance, rot
immunity, MP-powered wands, AC +19
}: 2/15 runes: decaying, gossamer
a: Fly, Potion Petition, Call Merchant, Bribe Branch, Renounce Religion


You were on level 5 of the Vaults.
You worshipped Gozag.
Gozag was most pleased with you.
You were full.

You visited 10 branches of the dungeon, and saw 48 of its levels.
You visited 1 bazaar.
You also visited: Wizlab.

You collected 26196 gold pieces.
You spent 8461 gold pieces at shops.
You paid 14472 gold pieces to Gozag.

Inventory:

Hand Weapons
 j - a +9 eveningstar of distortion
 w - the +8 mace "Demon's Regret" (weapon) {freeze, Str+3}
   (You bought it in a shop on level 5 of the Lair of Beasts)

   It has been specially enchanted to freeze those struck by it, causing extra
   injury to most foes and up to half again as much damage against particularly
   susceptible opponents.
   It can also slow down cold-blooded creatures.
   It affects your strength (+3).
 W - a +0 antimagic whip
Armour
 s - the +0 pair of gloves of Parts Unknown (worn) {rElec rPois Regen+ Stlth+}
   (You took it off Nikola on level 1 of the Swamp)

   It insulates you from electricity.
   It protects you from poison.
   It increases your rate of regeneration.
   It makes you more stealthy.
 C - the +0 mask of the Dragon (worn) {MR+ Slay+3 SInv}
   (You bought it in a shop on level 2 of the Orcish Mines)

   It affects your accuracy and damage with ranged weapons and melee attacks
   (+3).
   It affects your resistance to hostile enchantments.
   It lets you see invisible.
 J - a +0 pair of boots (worn)
 S - a +2 cloak (worn)
 X - a +8 crystal plate armour (worn)
Jewellery
 d - the amulet of the Four Winds {rN+ MR+++ Clar}
   (You found it on level 3 of the Crypt)

   [amulet of nothing]

   It protects you from negative energy.
   It affects your resistance to hostile enchantments.
   It protects you against confusion.
 l - an uncursed ring of protection from fire
 E - a +5 ring of slaying (right hand)
 G - an uncursed ring of protection from fire
 I - an uncursed amulet of regeneration
 K - an uncursed ring of protection from cold
 Q - a +4 ring of slaying (left hand)
 R - an amulet of guardian spirit (around neck)
Wands
 b - a wand of paralysis (78)
 o - a wand of acid (4)
 r - a wand of clouds (8)
 v - a wand of digging (29)
 z - a wand of flame (114)
 N - a wand of enslavement (44)
 V - a wand of iceblast (25)
Scrolls
 i - 24 scrolls of teleportation
 t - 3 scrolls of fear
 y - 10 scrolls of magic mapping
 A - a scroll of silence
 F - 2 scrolls of identify
 H - 7 scrolls of vulnerability
 O - 7 scrolls of fog
 T - 5 scrolls of remove curse
Potions
 a - 2 potions of might
 c - a potion of berserk rage
 e - 3 potions of ambrosia
 k - 6 potions of agility
 m - 12 potions of curing
 q - a potion of magic
 B - 4 potions of mutation
 D - 7 potions of lignification
 L - 9 potions of haste
Miscellaneous
 u - a sack of spiders
 x - 3 boxes of beasts
 U - a lamp of fire
 Y - a phial of floods
 Z - a lightning rod (4/4)
Comestibles
 f - 29 rations


   Skills:
 + Level 24.6 Fighting
 + Level 20.6 Maces & Flails
 + Level 20.6 Armour
   Level 21.9 Shields
 + Level 14.3 Evocations


You had 24 spell levels left.
You didn't know any spells.
Your spell library contained the following spells:

 Spells                   Type           Power        Failure   Level  Hunger
 Magic Dart               Conj           #...         98%         1    ##.....
 Fireball                 Conj/Fire      #.........   100%        5    ######.
 Apportation              Tloc           #.....       98%         1    ##.....
 Conjure Flame            Conj/Fire      #.......     100%        3    ####...
 Bolt of Fire             Conj/Fire      #.........   100%        6    #######
 Bolt of Cold             Conj/Ice       #.........   100%        6    #######
 Lightning Bolt           Conj/Air       #.........   100%        5    ######.
 Bolt of Magma            Conj/Fire/Erth #.........   100%        5    ######.
 Slow                     Hex            #.......     99%         2    ###....
 Confuse                  Hex            #.......     100%        3    ####...
 Throw Flame              Conj/Fire      #.....       99%         2    ###....
 Throw Frost              Conj/Ice       #.....       99%         2    ###....
 Freezing Cloud           Conj/Ice/Air   #.........   100%        6    #######
 Mephitic Cloud           Conj/Pois/Air  #.......     100%        3    ####...
 Ring of Flames           Chrm/Fire      #.........   100%        7    #######
 Venom Bolt               Conj/Pois      #.........   100%        5    ######.
 Teleport Other           Tloc           #.......     100%        3    ####...
 Summon Small Mammal      Summ           #...         98%         1    ##.....
 Bolt of Draining         Conj/Necr      #.........   100%        5    ######.
 Blink                    Tloc           N/A          99%         2    ###....
 Iskenderun's Mystic Bla  Conj           #.......     100%        4    #####..
 Animate Dead             Necr           N/A          100%        4    #####..
 Pain                     Necr           #...         98%         1    ##.....
 Animate Skeleton         Necr           N/A          98%         1    ##.....
 Vampiric Draining        Necr           #.........   100%        3    ####...
 Freeze                   Ice            #...         98%         1    ##.....
 Ozocubu's Refrigeration  Ice            #.........   100%        6    #######
 Sticky Flame             Conj/Fire      #.......     100%        4    #####..
 Summon Ice Beast         Ice/Summ       #.......     100%        4    #####..
 Call Imp                 Summ           #.......     99%         2    ###....
 Dispel Undead            Necr           #.......     100%        5    ######.
 Regeneration             Chrm/Necr      #.........   100%        3    ####...
 Sublimation of Blood     Necr           #.........   99%         2    ###....
 Summon Demon             Summ           #.........   100%        5    ######.
 Corpse Rot               Necr           N/A          99%         2    ###....
 Iron Shot                Conj/Erth      #.........   100%        6    #######
 Stone Arrow              Conj/Erth      #.....       100%        3    ####...
 Shock                    Conj/Air       #...         98%         1    ##.....
 Swiftness                Chrm/Air       #.......     99%         2    ###....
 Recall                   Summ/Tloc      N/A          100%        3    ####...
 Agony                    Necr           #.......     100%        5    ######.
 Spider Form              Tmut/Pois      #.........   100%        3    ####...
 Blade Hands              Tmut           #.........   100%        5    ######.
 Statue Form              Tmut/Erth      #........    100%        6    #######
 Ice Form                 Ice/Tmut       #.......     100%        4    #####..
 Dragon Form              Tmut           #.........   100%        7    #######
 Death Channel            Necr           #.........   100%        6    #######
 Deflect Missiles         Chrm/Air       #.........   100%        6    #######
 Airstrike                Air            #.........   100%        4    #####..
 Shadow Creatures         Summ           N/A          100%        6    #######
 Confusing Touch          Hex            #.....       98%         1    ##.....
 Flame Tongue             Conj/Fire      #....        98%         1    ##.....
 Passwall                 Tmut/Erth      #.......     99%         2    ###....
 Sticks to Snakes         Tmut           #.......     99%         2    ###....
 Call Canine Familiar     Summ           #.......     100%        3    ####...
 Metabolic Englaciation   Hex/Ice        #.........   100%        5    ######.
 Summon Butterflies       Summ           #.......     98%         1    ##.....
 Silence                  Hex/Air        #.........   100%        5    ######.
 Shatter                  Erth           #.........   100%        9    #######
 Static Discharge         Conj/Air       #.......     100%        3    ####...
 Lee's Rapid Deconstruct  Erth           #.........   100%        5    ######.
 Sandblast                Erth           #.....       98%         1    ##.....
 Simulacrum               Ice/Necr       #.........   100%        6    #######
 Conjure Ball Lightning   Conj/Air       #.........   100%        6    #######
 Excruciating Wounds      Chrm/Necr      #.........   100%        5    ######.
 Petrify                  Tmut/Erth      #.......     100%        4    #####..
 Passage of Golubria      Tloc           N/A          100%        4    #####..
 Orb of Destruction       Conj           #.........   100%        7    #######
 Tornado                  Air            #.........   100%        9    #######
 Leda's Liquefaction      Hex/Erth       #.........   100%        4    #####..
 Summon Hydra             Summ           #.........   100%        7    #######
 Shroud of Golubria       Chrm/Tloc      #.........   99%         2    ###....
 Inner Flame              Hex/Fire       #.......     100%        3    ####...
 Aura of Abjuration       Summ           #.........   100%        5    ######.
 Beastly Appendage        Tmut           #.....       98%         1    ##.....
 Iskenderun's Battlesphe  Conj/Chrm      #.......     100%        5    ######.
 Fulminant Prism          Conj/Hex       #.........   100%        4    #####..
 Dazzling Spray           Conj/Hex       #.....       100%        3    ####...
 Force Lance              Conj/Tloc      #.......     100%        4    #####..
 Searing Ray              Conj           #.....       99%         2    ###....
 Summon Forest            Summ/Tloc      #.........   100%        5    ######.
 Summon Lightning Spire   Summ/Air       #.......     100%        4    #####..
 Summon Guardian Golem    Hex/Summ       #.......     100%        3    ####...
 Spellforged Servitor     Conj/Summ      #.........   100%        7    #######
 Summon Mana Viper        Hex/Summ       #.......     100%        5    ######.
 Hydra Form               Tmut           #.........   100%        6    #######
 Irradiate                Conj/Tmut      #.........   100%        5    ######.
 Gell's Gravitas          Tloc           #.........   100%        3    ####...
 Yara's Violent Unravell  Hex/Tmut       #.........   100%        5    ######.
 Lesser Beckoning         Tloc           #.........   100%        3    ####...
 Poisonous Vapours        Pois/Air       #.....       99%         2    ###....


Dungeon Overview and Level Annotations

Branches:
Dungeon (15/15)            Temple (1/1) D:5            Lair (6/6) D:10
  Swamp (4/4) Lair:2       Spider (4/4) Lair:2        Slime (0/5) Lair:5
    Orc (2/2) D:12            Elf (3/3) Orc:2        Vaults (5/5) D:14
  Crypt (3/3) Vaults:3       Tomb (0/3) Crypt:3      Depths (5/5) D:15
    Zot (0/5) Depths:5

Altars:
Ashenzari
Cheibriados
Dithmenos
Elyvilon
Fedhas
Gozag
Hepliaklqana
Kikubaaqudgha
Makhleb
Nemelex Xobeh
Okawaru
Qazlal
Ru
Sif Muna
Trog
Uskayaw
Vehumet
Wu Jian
Xom
Yredelemnul
Zin
The Shining One
Beogh

Shops:
D:6 }   D:7 *=[   Orc:2 !(*([}[   Elf:1 **   Elf:3 !*==}   Lair:5 (   Swamp:4 [
Spider:4 ?   Vaults:1 ?   Vaults:2 }   Vaults:3 (   Crypt:2 (?   Depths:2 [?*
Depths:3 (   Depths:4 !

Portals:
Hell: Depths:1 Depths:2 Depths:3 Depths:4 Depths:5
Abyss: Depths:1 Depths:3 Depths:4 Depths:5
Pandemonium: Orc:2 Depths:3
Ziggurat: Depths:1

Annotations:
Swamp:4 1 runed door, Htamos's ghost, adept FoBe
Elf:3 3 runed doors


Innate Abilities, Weirdness & Mutations

You are resistant to torment.
Your stone body is resilient. (AC +19)
You are immune to poison.
Your large and strong wings let you fly indefinitely.
You resist negative energy. (rN+)
You are resistant to electric shocks. (rElec)
You can survive without breathing.
You are immune to petrification.
You are immune to rotting.
You have a pair of small antennae on your head.
You are partially covered in slimy green scales. (AC +2)
You evolve.
You expend magic power (3 MP) to strengthen your wands.


Message History

The ironheart preserver hits you but does no damage.
The tentacled monstrosity barely misses you.
The tentacled monstrosity completely misses you.
The tentacled monstrosity tentacle-slaps you but does no damage.
The tentacled monstrosity constricts you.
A great orb of eyes comes into view.
Unknown command.
Unknown command.
Unknown command.
Unknown command.
Okay, then.
You feel better.
The manticore changes into a guardian serpent!
The vault warden completely misses you.
The tentacled monstrosity tentacle-slaps you but does no damage. x3
* * * LOW HITPOINT WARNING * * *
The tentacled monstrosity constricts you!
The frost giant hits you with a battleaxe of freezing!
You die...
Your body crumbles into a pile of gold.

$ $#..# $ #..#
$# ##..# #.
##.$.#
#..#....#
#......S#
......XC#{
#%...Cp@#
#..#..pX#
##..G# $ ##..#
$ #..# $ $
$#..#....#D..
$ $
##.#....#§.# .
#G#....#C.##.#
##.#....#ec.C


You could see 2 tentacled monstrosities, an ironheart preserver, a frost giant,
a stone giant, a vault warden, a great orb of eyes, a guardian serpent shaped
shifter and a floating eye shaped shifter.

Vanquished Creatures
  4 juggernauts
  Boris (Depths:2)
  Saint Roka (Crypt:1)
  Margery (Depths:2)
  4 caustic shrikes
  2 golden dragons
  Nikola (Swamp:1)
  Jory (Vaults:3)
  A tentacled monstrosity (Depths:2)
  5 liches
  3 deep elf blademasters
  A quicksilver dragon (Vaults:5)
  7 sphinxes
  3 deep elf master archers (Elf:3)
  4 ancient champions
  Roxanne (Elf:1)
  2 thorn hunters
  3 storm dragons
  6 tengu reavers
  5 fire giants
  Donald (Elf:1)
  2 revenants (Crypt:3)
  9 deep elf sorcerers
  Louise (Spider:4)
  A caustic shrike zombie (Crypt:3)
  10 vault wardens
  3 ghost moths
  5 frost giants
  2 orc warlords (Vaults:4)
  3 ghouls (Crypt:3)
  An iron dragon (Depths:3)
  2 deep elf elementalists (Elf:3)
  2 emperor scorpions (Spider:4)
  A draconian stormcaller (Depths:5)
  A curse skull (Crypt:3)
  A draconian annihilator (Depths:5)
  The ghost of Htamos the Carver, a journeyman DgFi (Lair:4)
  9 ironheart preservers
  2 entropy weavers
  A reaper (Crypt:2)
  10 stone giants
  12 very ugly things
  Nessos (D:12)
  9 deep elf annihilators (Elf:3)
  Azrael (D:13)
  A deep elf demonologist (Elf:3)
  6 vampire knights
  2 white draconians (Depths:5)
  14 spark wasps
  3 yellow draconians (Depths:5)
  2 red draconians (Depths:5)
  2 spectral quicksilver dragons (Crypt:3)
  6 ettins
  8 deep elf death magi
  A green death (Depths:3)
  A mummy priest (Crypt:3)
  15 great orbs of eyes
  2 eidola
  7 jiangshi (Crypt:2)
  11 yaktaur captains
  A deep elf high priest (Elf:3)
  A quicksilver dragon zombie (Depths:1)
  A spectral golden dragon (Crypt:3)
  The ghost of ciphuk the Swashbuckler, a journeyman KoAs of Trog (Lair:2)
  Harold (D:8)
  11 rakshasas
  39 vault guards
  8 fire dragons
  10 hydras
  18 ice dragons
  5 spriggan air magi
  A ghost crab (Swamp:4)
  10 centaur warriors
  12 two-headed ogres
  14 alligators
  A merfolk avatar (Lair:6)
  3 death yaks (D:9)
  11 deep troll shamans
  8 tengu warriors
  3 death knights
  5 ogre magi
  2 titan zombies (Vaults:4)
  A shock serpent (WizLab)
  3 spriggan berserkers
  4 vampire magi
  5 deep troll earth magi
  Urug (D:11)
  8 orc high priests
  2 soul eaters (Orc:2)
  Sonja (Orc:1)
  A sun demon (Orc:1)
  25 deep elf knights
  11 hell knights
  2 iron trolls
  A deep troll (shapeshifter) (Vaults:1)
  A storm dragon skeleton (Crypt:1)
  2 death drakes (WizLab)
  17 unseen horrors
  A quicksilver dragon simulacrum (Crypt:1)
  A spriggan druid (Swamp:3)
  4 glowing orange brains
  14 shadow wraiths
  15 flayed ghosts
  A naga ritualist (Depths:2)
  3 shambling mangroves
  A sea snake (Lair:6)
  4 swamp dragons
  2 infernal demonspawn
  21 skeletal warriors
  Pikel (D:5)
  31 deep trolls
  5 wizards
  8 ironbrand convokers
  A torturous demonspawn (Orc:1)
  A shadow dragon zombie (Depths:4)
  15 orc knights
  2 tengu zombies
  3 harpies
  23 phantasmal warriors
  15 deep elf archers
  22 orb spiders
  A harpy (shapeshifter) (D:13)
  An oklob plant (Lair:6)
  17 necromancers
  2 anaconda skeletons (Crypt:1)
  A shadow dragon skeleton (Depths:1)
  6 human zombies
  A mana viper (shapeshifter) (D:15)
  8 orc sorcerers
  20 wolf spiders
  A shining eye (shapeshifter) (Depths:5)
  50 deep elf magi
  An iron dragon skeleton (Crypt:1)
  2 salamanders (shapeshifter)
  8 cyclopes
  19 ugly things
  2 manticores (shapeshifter)
  3 manticores
  3 salamanders (Depths:2)
  8 vault sentinels
  19 elephants
  2 naga magi (Depths:2)
  6 black mambas
  2 black mambas (shapeshifter)
  A rust devil (Orc:2)
  13 spiny frogs
  A frost giant skeleton (Depths:4)
  A torpor snail (Spider:4)
  A water nymph (shapeshifter) (Depths:3)
  A titan simulacrum (Depths:3)
  An apocalypse crab (WizLab)
  2 elephant slug zombies
  An orange demon (Orc:2)
  5 spectral swamp worms (Depths:4)
  2 yaktaur zombies
  A gargoyle (D:12)
  8 rime drakes
  8 komodo dragons
  A white draconian zombie (Crypt:3)
  38 yaktaurs
  A redback zombie (D:14)
  6 demonic crawlers
  An ice devil (Orc:2)
  A yaktaur (shapeshifter) (Vaults:1)
  16 freezing wraiths
  9 trolls
  9 guardian mummies
  2 red devils (Depths:3)
  2 tengu conjurers (Depths:1)
  A golden dragon simulacrum (Depths:4)
  5 human skeletons
  12 jumping spiders
  4 polar bears
  An iron troll skeleton (Crypt:2)
  9 tyrant leeches
  A meliai (shapeshifter) (D:15)
  3 wind drakes (WizLab)
  A queen bee (shapeshifter) (D:13)
  26 hornets
  10 bog bodies
  A frost giant simulacrum (Vaults:2)
  27 slime creatures
  A hippogriff (shapeshifter) (D:15)
  18 blink frogs
  9 hippogriffs
  A large abomination (Elf:1)
  12 dream sheep
  A spectral black mamba (Crypt:3)
  A human simulacrum (Vaults:4)
  9 flying skulls (Crypt:3)
  52 redbacks
  7 shadows
  7 water elementals
  9 air elementals
  7 fire elementals
  15 tarantellas
  4 wyverns
  A vampire (D:14)
  A ynoxinul (Orc:2)
  16 humans (D:14)
  14 wraiths
  A fire dragon skeleton (Crypt:3)
  7 spriggans
  2 basilisks (shapeshifter)
  40 yaks
  4 basilisks
  5 hungry ghosts
  A neqoxec (Depths:3)
  5 swamp worm simulacra (Swamp:4)
  An elf skeleton (Depths:4)
  26 vampire mosquitoes
  9 insubstantial wisps
  2 nagas (Depths:2)
  5 wargs
  A warg (shapeshifter) (Depths:2)
  Duvessa (D:5)
  11 hydra simulacra (Swamp:4)
  3 acid dragons
  10 water moccasins
  A water moccasin (shapeshifter) (Elf:3)
  17 swamp worms
  3 hell hounds (D:13)
  A porcupine (shapeshifter) (Elf:3)
  A deep troll skeleton (Vaults:4)
  A floating eye (Depths:2)
  11 porcupines
  2 sky beasts
  63 orc warriors
  7 ice beasts
  2 black bears (shapeshifter) (Vaults:4)
  2 black bears (Lair:1)
  2 eyes of draining (shapeshifter)
  3 phantoms
  A necrophage (Crypt:3)
  17 ogres
  5 swamp drakes
  8 boggarts
  7 wolves
  18 centaurs
  A crocodile (shapeshifter) (Vaults:3)
  9 crocodiles
  An elf zombie (Elf:1)
  A rime drake skeleton (Crypt:1)
  A komodo dragon zombie (Crypt:2)
  12 bullfrogs
  5 earth elementals
  Dowan (D:5)
  A water moccasin skeleton (D:8)
  6 scorpions
  8 killer bees
  An elf simulacrum (Vaults:3)
  3 wights (D:13)
  4 howler monkeys
  10 electric eels
  5 crimson imps
  2 centaur zombies
  A bullfrog zombie (D:8)
  2 quasits
  6 hounds
  3 jellies
  A demonspawn skeleton (Crypt:2)
  A gnoll shaman (D:6)
  4 bullfrog skeletons
  An iron imp (Depths:3)
  46 orc priests
  15 orc wizards
  Crazy Yiuf (D:5)
  6 iguanas
  A hell rat (D:10)
  16 worker ants
  A killer bee zombie (Crypt:1)
  3 mummies (Crypt:1)
  A naga skeleton (Crypt:3)
  A hound zombie (D:11)
  2 hound skeletons (D:8)
  3 howler monkey zombies
  4 worker ant zombies
  Robin (D:4)
  16 adders
  12 gnolls
  A howler monkey skeleton (D:4)
  A river rat (D:10)
  2 shadow imps
  A white imp (Vaults:3)
  3 swamp drake simulacra (Swamp:4)
  An ooze (D:7)
  An iguana zombie (Crypt:3)
  A lava snake zombie (Crypt:1)
  An adder skeleton (D:8)
  2 adder zombies
  7 worms
  2 dart slugs
  8 leopard geckos
  117 orcs
  A ball python (D:2)
  7 bats
  A bat skeleton (D:2)
  A bat zombie (D:2)
  21 giant cockroaches
  15 goblins
  8 hobgoblins
  7 jackals
  7 kobolds
  5 quokkas
  A dart slug zombie (Crypt:1)
  6 frilled lizards
  A frilled lizard zombie (Crypt:3)
  2 giant cockroach zombies (D:2)
  2 jackal skeletons (D:2)
  A jackal zombie (D:2)
  A kobold skeleton (Crypt:2)
  A leopard gecko skeleton (D:2)
  An orc zombie (Crypt:3)
  A quokka skeleton (D:6)
  9 rats
  A river rat skeleton (Crypt:2)
  5 briar patches
  A fungus (D:5)
2053 creatures vanquished.

Vanquished Creatures (collateral kills)
  A blizzard demon (WizLab)
  2 spriggan air magi (WizLab)
  A ghost crab (WizLab)
  A dancing weapon (Elf:2)
  An orc high priest (Orc:2)
  A deep elf knight (D:15)
  3 skeletal warriors (Crypt:1)
  A stone giant zombie (Crypt:1)
  A freezing wraith (D:15)
  A grey draconian skeleton (Crypt:1)
  2 slime creatures (D:15)
  An air elemental (WizLab)
  A hydra simulacrum (Crypt:1)
  2 orc warriors
  2 orc priests
  A ball python skeleton (Crypt:1)
22 creatures vanquished.

Vanquished Creatures (others)
  An azure jelly (Swamp:4)
  A ghost moth (Spider:4)
  A deep elf sorcerer (Vaults:3)
  2 vault wardens
  4 ironheart preservers
  A war gargoyle (Vaults:4)
  A stone giant (Vaults:4)
  A blizzard demon (WizLab)
  3 vault guards
  A spriggan air mage (WizLab)
  A hydra (Swamp:2)
  2 alligators (Swamp:4)
  28 dancing weapons
  An ogre mage (Vaults:1)
  6 two-headed ogres (Vaults:1)
  3 orc knights
  A shadow wraith (Vaults:3)
  2 deep trolls
  An ironbrand convoker (Vaults:2)
  4 deep elf magi
  An orc sorcerer (Orc:2)
  A deep elf archer (Vaults:1)
  A harpy (Vaults:4)
  A necromancer (Vaults:4)
  A fire giant zombie (Vaults:3)
  2 ugly things (Vaults:1)
  A stone giant zombie (Vaults:4)
  A cyclops (Vaults:1)
  A vault sentinel (Vaults:1)
  3 yaktaurs
  A troll (Vaults:1)
  A wind drake (WizLab)
  A tarantella (Spider:4)
  2 redbacks
  A water elemental (Elf:2)
  2 air elementals (WizLab)
  2 humans (D:14)
  A basilisk (shapeshifter) (Vaults:4)
  A swamp worm (Swamp:1)
  An acid dragon (Vaults:1)
  A swamp drake (Swamp:1)
  2 slaves (D:5)
  3 orc warriors
  An ogre (Vaults:1)
  2 boggarts
  A centaur (Vaults:2)
  An earth elemental (Elf:1)
  A human simulacrum (Vaults:1)
  An orc wizard (D:5)
  4 orcs
  A briar patch (Swamp:4)
  A bush (Lair:6)
  11 fungi
  13 plants
134 creatures vanquished.

Grand Total: 2209 creatures vanquished

Notes
Turn   | Place    | Note
-------+----------+-------------------------------------------
     0 | D:1      | Htamos the Gargoyle Fighter began the quest for the Orb.
     0 | D:1      | Reached XP level 1. HP: 14/14 MP: 1/1
    36 | D:1      | Reached XP level 2. HP: 19/19 MP: 2/2
   681 | D:1      | Reached XP level 3. HP: 24/24 MP: 3/3
   873 | D:2      | Reached skill level 4 in Fighting
   951 | D:2      | Reached XP level 4. HP: 20/29 MP: 4/4
  1644 | D:2      | Reached XP level 5. HP: 34/34 MP: 5/5
  1830 | D:3      | Reached skill level 5 in Fighting
  2497 | D:4      | Reached XP level 6. HP: 38/40 MP: 6/6
  3060 | D:4      | Noticed a phantom
  3080 | D:4      | Killed a phantom
  3080 | D:4      | Reached XP level 7. HP: 45/45 MP: 7/7
  3354 | D:4      | Noticed Robin
  3365 | D:4      | Killed Robin
  3409 | D:4      | Reached skill level 6 in Fighting
  3537 | D:4      | Found an ornate altar of the Wu Jian Council.
  3637 | D:4      | Reached skill level 5 in Shields
  3668 | D:4      | Reached skill level 5 in Armour
  3878 | D:5      | Entered Level 5 of the Dungeon
  4042 | D:5      | Found a staircase to the Ecumenical Temple.
  4096 | Temple   | Entered the Ecumenical Temple
  4153 | Temple   | Became a worshipper of Gozag Ym Sagoz the Greedy
  4314 | D:5      | Found a hazy altar of Hepliaklqana.
  4314 | D:5      | Found a shimmering altar of Xom.
  4328 | D:5      | Found a bloodstained altar of Trog.
  4328 | D:5      | Found an iron altar of Okawaru.
  4386 | D:5      | Reached XP level 8. HP: 41/52 MP: 8/8
  4500 | D:5      | Found a blossoming altar of Fedhas.
  4823 | D:5      | Reached skill level 7 in Fighting
  4862 | D:5      | Noticed Pikel
  4894 | D:5      | Killed Pikel
  4894 | D:5      | Reached skill level 5 in Maces & Flails
  4942 | D:5      | Reached skill level 8 in Fighting
  4994 | D:5      | Noticed Duvessa
  4994 | D:5      | Noticed Dowan
  5024 | D:5      | Killed Duvessa
  5027 | D:5      | Killed Dowan
  5238 | D:5      | Found a runed door.
  5244 | D:5      | Noticed Crazy Yiuf
  5249 | D:5      | Killed Crazy Yiuf
  5305 | D:6      | Reached XP level 9. HP: 60/60 MP: 9/9
  5610 | D:6      | Found Ecetat Jeci's Gadget Boutique.
  5617 | D:6      | Bought a wand of acid (7) for 330 gold pieces
  5760 | D:6      | Found a burning altar of Makhleb.
  5972 | D:7      | Found Dock's Jewellery Emporium.
  5979 | D:7      | Reached skill level 9 in Fighting
  6155 | D:7      | Found Boamit's Assorted Antiques.
  6167 | D:7      | Bought a cabochon ring for 100 gold pieces
  6274 | D:7      | Got a crude ring mail
  6275 | D:7      | Identified the +2 ring mail of the Spheres {rPois MR++ Str+5 Stlth-} (You found it on level 7 of the Dungeon)
  6456 | D:7      | Found Reoppus's Antique Armour Emporium.
  6525 | D:7      | Noticed a dagger
  6537 | D:7      | Found a hide-covered altar of Uskayaw.
  6537 | D:7      | Noticed an enchanted dagger
  6569 | D:7      | Found a glowing golden altar of the Shining One.
  7138 | D:8      | Noticed Harold
  7149 | D:8      | Reached skill level 10 in Fighting
  7149 | D:8      | Reached XP level 10. HP: 65/68 MP: 10/10
  7162 | D:8      | Killed Harold
  8433 | D:9      | Found a snail-covered altar of Cheibriados.
  8624 | D:10     | Entered Level 10 of the Dungeon
  8636 | D:9      | Reached skill level 11 in Fighting
  8703 | D:10     | Noticed a death yak
  8928 | D:9      | Killed a death yak
  8928 | D:9      | Reached XP level 11. HP: 44/76 MP: 11/11
  9125 | D:10     | Found a staircase to the Lair.
  9126 | D:10     | Noticed a death yak
  9127 | D:10     | Noticed a death yak
  9168 | D:9      | Killed a death yak
  9168 | D:9      | Reached skill level 12 in Fighting
  9340 | D:9      | Killed a death yak
  9568 | D:7      | Bought a +4 ring of slaying for 858 gold pieces
 10666 | D:11     | Noticed a two-headed ogre
 10679 | D:11     | Killed a two-headed ogre
 10734 | D:11     | Killed an unseen horror
 10847 | D:11     | Reached skill level 13 in Fighting
 10897 | D:11     | Noticed Urug
 10921 | D:11     | Killed Urug
 10921 | D:11     | Reached skill level 10 in Armour
 10921 | D:11     | Reached XP level 12. HP: 84/84 MP: 12/12
 11145 | D:11     | Reached skill level 10 in Shields
 11960 | D:12     | Found a staircase to the Orcish Mines.
 12114 | D:12     | Noticed Nessos
 12175 | D:12     | Killed Nessos
 12628 | Orc:1    | Entered Level 1 of the Orcish Mines
 13061 | Orc:2    | Entered Level 2 of the Orcish Mines
 13066 | Orc:2    | Noticed Sonja
 13095 | Orc:1    | Killed Sonja
 13095 | Orc:1    | Reached skill level 14 in Fighting
 14166 | Orc:2    | Found a roughly hewn altar of Beogh.
 14463 | Orc:2    | Reached XP level 13. HP: 83/91 MP: 13/13
 14657 | Orc:2    | Reached skill level 10 in Maces & Flails
 14888 | Orc:2    | Found Naamury's Food Boutique.
 15058 | Orc:2    | Found Ezeh's Distillery.
 15251 | Orc:2    | Bought a potion of heal wounds for 70 gold pieces
 15251 | Orc:2    | Bought a potion of heal wounds for 70 gold pieces
 15251 | Orc:2    | Bought a potion of might for 56 gold pieces
 15251 | Orc:2    | Bought a potion of heal wounds for 70 gold pieces
 15251 | Orc:2    | Bought 2 potions of heal wounds for 140 gold pieces
 15251 | Orc:2    | Bought a potion of might for 56 gold pieces
 15298 | Orc:2    | Found a staircase to the Elven Halls.
 15331 | Orc:2    | Found Luec Bui's Armour Emporium.
 15608 | Orc:1    | Reached skill level 15 in Fighting
 17286 | Orc:2    | Found Keafur's Gadget Emporium.
 17286 | Orc:2    | Found Saolaloq's Antique Armour Shoppe.
 17288 | Orc:2    | Found a one-way gate leading to the halls of Pandemonium.
 17292 | Orc:2    | Bought a runed plate armour for 624 gold pieces
 17304 | Orc:2    | Bought a wand of enslavement (13) for 195 gold pieces
 17304 | Orc:2    | Bought a wand of paralysis (3) for 65 gold pieces
 17333 | Orc:2    | Bought a ration for 60 gold pieces
 17333 | Orc:2    | Bought a ration for 60 gold pieces
 17333 | Orc:2    | Bought a ration for 60 gold pieces
 17333 | Orc:2    | Bought a ration for 60 gold pieces
 17333 | Orc:2    | Bought a ration for 60 gold pieces
 17333 | Orc:2    | Bought a ration for 60 gold pieces
 17333 | Orc:2    | Bought a ration for 60 gold pieces
 18302 | D:13     | Gained mutation: Your large and strong wings let you fly indefinitely. [Gargoyle growth]
 18302 | D:13     | Reached XP level 14. HP: 91/99 MP: 14/14
 18369 | D:13     | Noticed Azrael
 18383 | D:13     | Killed Azrael
 18383 | D:13     | Reached skill level 16 in Fighting
 19359 | D:14     | Found a gate to the Vaults.
 20318 | D:15     | Entered Level 15 of the Dungeon
 20426 | D:15     | Got a jewelled plate armour
 20436 | D:15     | Identified the +0 plate armour of Sif Muna's Supremacy {rF+++ rC- MP-9 Slay+4} (You found it on level 15 of the Dungeon)
 21360 | D:15     | Found a staircase to the Depths.
 21367 | D:15     | Gained mutation: Your magical capacity is low. (-10% MP) [a shining eye]
 21375 | D:15     | Reached skill level 17 in Fighting
 21614 | D:15     | Noticed a sphinx
 21625 | D:15     | Killed a sphinx
 21700 | D:15     | Reached XP level 15. HP: 98/107 MP: 4/13
 21872 | Lair:1   | Entered Level 1 of the Lair of Beasts
 21875 | Lair:1   | Found a shimmering altar of Xom.
 22059 | Lair:1   | Identified a scroll of acquirement
 23205 | Orc:2    | Bought the +6 flail of Past Mistakes {drain, +Fly Str+5 Dex+5} for 1195 gold pieces
 23219 | Orc:2    | Bought the +0 mask of the Dragon {MR+ Slay+3 SInv} for 701 gold pieces
 23219 | Orc:2    | Found the +0 mask of the Dragon {MR+ Slay+3 SInv}
 23238 | Orc:2    | Bought a scroll of blinking for 157 gold pieces
 23238 | Orc:2    | Bought a scroll of identify for 42 gold pieces
 23238 | Orc:2    | Bought a scroll of blinking for 157 gold pieces
 23445 | Lair:2   | Found a hole to the Spider Nest.
 23533 | Lair:2   | Found a transporter.
 23534 | Lair:2   | Found a transporter.
 23534 | Lair:2   | Noticed ciphuk's ghost (journeyman KoAs)
 23769 | Lair:2   | Found a staircase to the Swamp.
 24622 | Lair:2   | Killed ciphuk's ghost
 25628 | Lair:4   | Found a runed door.
 25655 | Lair:4   | Noticed Htamos's ghost (journeyman DgFi)
 25685 | Lair:4   | Killed Htamos's ghost
 26516 | Lair:4   | Reached skill level 18 in Fighting
 26564 | Lair:5   | Found a staircase to the Slime Pits.
 27515 | Lair:6   | Entered Level 6 of the Lair of Beasts
 27600 | Lair:6   | Reached XP level 16. HP: 116/116 MP: 5/14
 27765 | Lair:5   | Bought a jewelled mace for 312 gold pieces
 27765 | Lair:5   | Identified the +8 mace "Demon's Regret" {freeze, Str+3} (You bought it in a shop on level 5 of the Lair of Beasts)
 28901 | Swamp:1  | Entered Level 1 of the Swamp
 28926 | Swamp:1  | Reached skill level 1 in Evocations
 29008 | Swamp:1  | Noticed Nikola
 29021 | Swamp:1  | Killed Nikola
 29024 | Swamp:1  | Got a pair of crude gloves
 29036 | Swamp:1  | Identified the +0 pair of gloves of Parts Unknown {rElec rPois Regen+ Stlth+} (You took it off Nikola on level 1 of the Swamp)
 29674 | Swamp:2  | Reached skill level 19 in Fighting
 29792 | Swamp:2  | Got a translucent plate armour
 29793 | Swamp:2  | Identified the +1 plate armour of Lies {Dex+2} (You found it on level 2 of the Swamp)
 30628 | Swamp:3  | Noticed a thorn hunter
 30650 | Swamp:3  | Killed a thorn hunter
 30858 | Swamp:3  | Reached XP level 17. HP: 122/122 MP: 8/17
 31092 | Swamp:4  | Entered Level 4 of the Swamp
 31218 | Swamp:4  | Found a runed door.
 31221 | Swamp:4  | Noticed Htamos's ghost (adept FoBe)
 32044 | Swamp:4  | Found the +2 hat of the Bear Spirit {Spirit, +Rage rN+ MR++}
 32387 | Swamp:4  | Got a decaying rune of Zot
 32564 | Spider:1 | Entered Level 1 of the Spider Nest
 32576 | Spider:1 | Reached skill level 15 in Armour
 32732 | Spider:1 | Reached skill level 15 in Shields
 33740 | Spider:2 | Reached skill level 5 in Evocations
 33775 | Spider:2 | Reached skill level 20 in Fighting
 34795 | Spider:4 | Entered Level 4 of the Spider Nest
 34888 | Spider:4 | Noticed Louise
 35114 | Spider:4 | Killed Louise
 35114 | Spider:4 | Reached XP level 18. HP: 123/131 MP: 10/19
 35790 | Spider:4 | Got a gossamer rune of Zot
 35903 | Spider:4 | Bought a scroll of enchant armour for 127 gold pieces
 35903 | Spider:4 | Bought a scroll of enchant armour for 127 gold pieces
 36191 | Vaults:1 | Entered Level 1 of the Vaults
 36227 | Vaults:1 | Found a magical portal.
 36295 | Vaults:1 | Found a flickering gateway to a bazaar.
 36304 | Bazaar   | Entered a bazaar
 36318 | Bazaar   | Found Diacro's Weapon Shoppe.
 36353 | Bazaar   | Found Buahy's Magic Scroll Emporium.
 36358 | Bazaar   | Bought a scroll of enchant armour for 60 gold pieces
 36358 | Bazaar   | Bought a scroll of summoning for 76 gold pieces
 36358 | Bazaar   | Bought a scroll of vulnerability for 60 gold pieces
 36435 | WizLab   | Entered The Chambers of the Cloud Mage
 36848 | WizLab   | Reached skill level 21 in Fighting
 36921 | WizLab   | Noticed Muoca
 37278 | Vaults:1 | Bought a scroll of summoning for 152 gold pieces
 37546 | Vaults:1 | Got a twisted falchion
 37547 | Vaults:1 | Identified the +8 falchion of Letin {holy, -Tele rN+ Int+4} (You found it on level 1 of the Vaults)
 37859 | Vaults:1 | Reached XP level 19. HP: 127/138 MP: 3/20
 38333 | Vaults:1 | Found a bloodstained altar of Trog.
 38693 | Vaults:2 | Identified the Compendium of Unstable Ice
 38733 | Vaults:2 | Reached skill level 15 in Maces & Flails
 39112 | Vaults:2 | Found Matoem's Gadget Boutique.
 40037 | Vaults:2 | Found Matoem's Gadget Boutique.
 40780 | Vaults:3 | Reached skill level 22 in Fighting
 41184 | Vaults:3 | Noticed Jory
 41449 | Vaults:3 | Found an ancient bone altar of Kikubaaqudgha.
 41456 | Vaults:3 | Reached XP level 20. HP: 145/145 MP: 22/22
 41470 | Vaults:3 | Found a staircase to the Crypt.
 41471 | Vaults:3 | Found a basalt altar of Yredelemnul.
 42038 | Vaults:3 | Found a staircase to the Crypt.
 42038 | Vaults:3 | Found a basalt altar of Yredelemnul.
 42039 | Vaults:3 | Found an ancient bone altar of Kikubaaqudgha.
 42327 | Vaults:3 | Found Xoezeca's Weapon Shoppe.
 42557 | Vaults:3 | Found Xoezeca's Weapon Shoppe.
 42575 | Vaults:3 | Killed Jory
 42759 | Vaults:3 | Found a staircase to the Crypt.
 42759 | Vaults:3 | Found a basalt altar of Yredelemnul.
 42760 | Vaults:3 | Found an ancient bone altar of Kikubaaqudgha.
 43980 | Vaults:4 | Found a roughly hewn altar of Beogh.
 44890 | Elf:1    | Entered Level 1 of the Elven Halls
 45152 | Elf:1    | Noticed Donald
 45518 | Elf:1    | Identified the Almanac of Black Rituals
 45548 | Elf:1    | Killed Donald
 45593 | Elf:1    | Found Ihenac's Assorted Antiques.
 45623 | Elf:1    | Bought a scroll of enchant weapon for 255 gold pieces
 45678 | Elf:1    | Noticed Roxanne
 45842 | Elf:1    | Killed Roxanne
 45843 | Elf:1    | Identified Roxanne's Papyrus of Earth (You took it off Roxanne on level 1 of the Elven Halls)
 46150 | Elf:1    | Bought a scroll of blinking for 210 gold pieces
 46150 | Elf:1    | Bought 2 potions of invisibility for 448 gold pieces
 46386 | Elf:2    | Reached XP level 21. HP: 110/152 MP: 25/25
 46506 | Elf:2    | Found a runed door.
 46722 | Elf:2    | Gained mutation: You are dopey. (Int -2) [mutagenic glow]
 46749 | Elf:2    | Gained mutation: You tend to lose your temper in combat. [mutagenic glow]
 46962 | Elf:2    | Found a runed door.
 47247 | Elf:2    | Reached skill level 10 in Evocations
 47741 | Elf:2    | Lost mutation: You tend to lose your temper in combat. [potion of mutation]
 47741 | Elf:2    | Lost mutation: Your magical capacity is low. (-10% MP) [potion of mutation]
 47741 | Elf:2    | Lost mutation: You are dopey. (Int -2) [potion of mutation]
 47741 | Elf:2    | Gained mutation: You evolve. [potion of mutation]
 47741 | Elf:2    | Gained mutation: You are partially covered in slimy green scales. (AC +2) [potion of mutation]
 47933 | Elf:3    | Entered Level 3 of the Elven Halls
 47937 | Elf:3    | Found Ajakucle's General Store.
 47946 | Elf:3    | Found Puorphuf's Distillery.
 47961 | Elf:3    | Found a runed gate.
 47961 | Elf:3    | Found a runed gate.
 47961 | Elf:3    | Found a runed gate.
 47965 | Elf:3    | Bought a potion of heal wounds for 55 gold pieces
 47965 | Elf:3    | Bought a potion of might for 44 gold pieces
 47971 | Elf:3    | Bought a potion of berserk rage for 55 gold pieces
 47971 | Elf:3    | Bought a potion of berserk rage for 55 gold pieces
 48113 | Elf:3    | Found Tonuzamn's Jewellery Boutique.
 48114 | Elf:3    | Found Vemapneo's Gadget Shoppe.
 48115 | Elf:3    | Found Yluatep's Jewellery Boutique.
 48131 | Elf:3    | Bought an uncursed amulet of regeneration for 480 gold pieces
 48750 | Elf:3    | Gained mutation: You expend magic power (3 MP) to strengthen your wands. [evolution]
 49377 | Elf:3    | Identified the Catalogue of Congealing Fire
 49398 | Elf:3    | Identified the Catalogue of Attacks
 49483 | Elf:3    | Got a bound brass ring
 49954 | Depths:1 | Entered Level 1 of the Depths
 49954 | Depths:1 | Found a one-way gate to the infinite horrors of the Abyss.
 50041 | Depths:1 | Reached XP level 22. HP: 146/158 MP: 30/30
 50425 | Depths:1 | Found a gateway to Hell.
 50564 | Depths:1 | Reached skill level 23 in Fighting
 50813 | Depths:1 | Found a gateway to a ziggurat.
 51348 | Depths:2 | Got a slimy pewter ring
 51357 | Depths:2 | Noticed Margery
 51460 | Depths:1 | Identified the ring "Cubet" {MR+ Int+2} (You took it off an orc warrior on level 3 of the Elven Halls)
 51461 | Depths:1 | Identified the ring "Loloaw" {+Fly rPois rC+ Dex+3} (You took it off a hell knight on level 2 of the Depths)
 51474 | Depths:2 | Killed Margery
 51720 | Depths:2 | Got an ancient copper ring
 51722 | Depths:2 | Identified the ring "Xuacahap" {Ice *Slow MP+9 Int+6} (You found it on level 2 of the Depths)
 51927 | Depths:2 | Got a heavily runed iron ring
 51928 | Depths:2 | Identified the ring of Vemuoduo {rN+ MP+9} (You found it on level 2 of the Depths)
 52033 | Depths:2 | Identified the Volume of Transmutation and Intoxication
 52181 | Depths:2 | Found Deklas's Antique Armour Emporium.
 52194 | Depths:2 | Bought an ancient helmet for 285 gold pieces
 52201 | Depths:2 | Identified the cursed +0 helmet of Foolhardiness {Int+3} (You bought it in a shop on level 2 of the Depths)
 52253 | Depths:2 | Noticed a caustic shrike
 52267 | Depths:2 | Killed a caustic shrike
 52408 | Depths:2 | Found Qiurooniq's Magic Scroll Emporium.
 52420 | Depths:2 | Bought a scroll of enchant weapon for 142 gold pieces
 52445 | Depths:2 | Reached XP level 23. HP: 165/165 MP: 32/32
 52608 | Depths:2 | Found Wuvusuph's Assorted Antiques.
 52702 | Depths:3 | Noticed Boris
 52723 | Depths:2 | Killed Boris
 53932 | Depths:3 | Noticed a golden dragon
 53980 | Depths:2 | Killed a golden dragon
 54400 | Depths:3 | Found Viehucw's Antique Weapon Boutique.
 55354 | Depths:4 | Noticed a juggernaut
 55377 | Depths:4 | Killed a juggernaut
 55492 | Depths:4 | Got a scorched lapis lazuli ring
 55500 | Depths:4 | Identified the ring "Guahia" {rN+ Dex+5} (You found it on level 4 of the Depths)
 55975 | Depths:4 | Found Mihicapa's Distillery.
 55980 | Depths:4 | Bought a potion of might for 100 gold pieces
 56095 | Depths:4 | Found the ring of the Octopus King
 56613 | Depths:5 | Entered Level 5 of the Depths
 56743 | Depths:5 | Reached XP level 24. HP: 156/172 MP: 30/32
 57346 | Depths:5 | Found a gate to the Realm of Zot.
 57538 | Depths:5 | Noticed a juggernaut
 57566 | Depths:5 | Killed a juggernaut
 57709 | Depths:5 | Reached skill level 24 in Fighting
 57829 | Depths:5 | Noticed a caustic shrike
 57840 | Depths:5 | Noticed a juggernaut
 57852 | Depths:5 | Killed a juggernaut
 57925 | Depths:5 | Noticed a caustic shrike
 57929 | Depths:5 | Noticed a caustic shrike
 57937 | Depths:5 | Killed a caustic shrike
 57943 | Depths:5 | Killed a caustic shrike
 57959 | Depths:5 | Killed a caustic shrike
 58176 | Depths:5 | Noticed a juggernaut
 58203 | Depths:5 | Killed a juggernaut
 58698 | Crypt:1  | Entered Level 1 of the Crypt
 59058 | Crypt:1  | Gained mutation: You have a pair of small antennae on your head. [evolution]
 59145 | Crypt:1  | Noticed Saint Roka
 59178 | Crypt:1  | Killed Saint Roka
 59972 | Crypt:2  | Bought a scroll of enchant armour for 112 gold pieces
 60091 | Crypt:2  | Reached XP level 25. HP: 173/179 MP: 32/33
 60647 | Crypt:3  | Entered Level 3 of the Crypt
 60847 | Crypt:3  | Found a staircase to the Tomb.
 61669 | Crypt:3  | Found a basalt altar of Yredelemnul.
 62464 | Crypt:3  | Found the amulet of the Four Winds {rN+ MR+++ Clar}
 62465 | Crypt:3  | Found the +9 sword of Zonguldrok {reap}
 62527 | Crypt:3  | Got an iridescent battleaxe
 62534 | Crypt:3  | Identified the +3 battleaxe of Weskuo {chop, Str+2 Dex+3} (You found it on level 3 of the Crypt)
 62709 | Vaults:5 | Entered Level 5 of the Vaults
 63004 | Vaults:5 | HP: 6/180 [vault warden/long sword of slicing (8)]
 63006 | Vaults:5 | HP: 2/180 [frost giant/battleaxe of freezing (2)]
 63007 | Vaults:5 | Mangled by a frost giant

Vault maps used:
D:1:      moated_graveyard_arrival, minmay_hexomino_u4
D:2:      minmay_roachtagon, serial_undead, serial_undead_d, serial_undead_a,
          serial_undead_d, serial_undead_b
D:4:      lemuel_doored_altar, grunt_ministairs_11, serial_park_tiny_pond,
          uniq_robin
D:5:      grunt_temple_overflow_open, minmay_temple_entry_enclosed_plants,
          basic_altar, first_ration, uniq_pikel, uniq_crazy_yiuf_cottage,
          uniq_duvessa
D:6:      makhleb_heckhound_becter, serial_shops, shop_statue
D:7:      dancing_weapons_uskayaw, nicolae_tso_carved_into_rock, serial_shops,
          nicolae_shop_stone, nicolae_shop_stone, shop_fountains, the_bakery
D:8:      uniq_harold
D:9:      cheibrodos_worm_habitat
D:10:     dpeg_lair_monsters
D:11:     uniq_urug
D:12:     david_orc_2, evilmike_butchery, uniq_nessos
D:13:     lemuel_flamethrower_2, uniq_azrael
D:14:     grunt_vaults_entry_tiered, roderic_roman_lattice
D:15:     gammafunk_enter_depths_forms, minmay_hedge_maze, minmay_evil_grid
Temple:   cyrus_circular_temple
Lair:1:   minmay_lair_venomous_thicket, basic_altar, beast_lair_carwin_4,
          lemuel_fruit_fields
Lair:2:   cheibrodos_lair_river_kwai, minmay_swamp_entry_worms,
          nicolae_spider_entry_non_spiders, gammafunk_ghost_arena,
          wad_woods_road_04
Lair:3:   lemuel_fruit_tree
Lair:4:   ebering_ghost_funeral_grove, serial_bayou_shore_a, grunt_megastairs_4
Lair:5:   slime_dummy, beast_lair_carwin_11, infiniplex_staircase_pool,
          grunt_megastairs_2
Lair:6:   gammafunk_lair_ancient_temple
Swamp:1:  evilmike_swamp_ruin_rubble_2, swamp_pool3, uniq_nikola
Swamp:2:  evilmike_swamp_ruin_rubble_1
Swamp:3:  evilmike_swamp_ruin_house_3, swamp_pool3
Swamp:4:  swamp_icy, ebering_ghost_inner_flame
Spider:1: spider_trap, hangedman_spider_tarantella_strand
Spider:4: spider_rune_water, spider_trap, nicolae_orb_island, uniq_louise
Orc:1:    nicolae_orc_damp_corner
Orc:2:    pf_orc_diabolical, serial_shops, shop, minmay_orc_temple_c, uniq_sonja
Elf:1:    serial_sigils, serial_sigils_hangedman_gnaw,
          serial_sigils_hangedman_scratch, serial_sigils_hangedman_carve,
          serial_sigils_hangedman_shear, serial_sigils_hangedman_quiver,
          serial_sigils_hangedman_writhe, serial_shops, nicolae_shop_trees,
          minmay_elf_necromancy, statue_in_the_mist_lemuel, uniq_donald,
          uniq_roxanne
Elf:2:    corexii_leaking_fountain
Elf:3:    minmay_elf_hall_statues, serial_shops,
          nicolae_shop_temple_entry_statues_fountains, shop,
          ploomutoo_gammafunk_ghost_potion_laboratory, minivault_20,
          minmay_shop_grove
Vaults:1: nicolae_vaults_network_s, hangedman_vaults_unwind, v_misc_5,
          nicolae_vaults_big_ls, hangedman_vaults_snaps,
          vaults_room_hangedman_quadrants, v_misc_17,
          ontoclasm_vaults_misaligned, infiniplex_enter_wizlab_water,
          serial_shops, bzr_firewalk, basic_altar
Vaults:2: nicolae_vaults_network_barrier, v_misc_24,
          nicolae_vaults_know_your_exits, vaults_mumra_hexcomb,
          vaults_mumra_minichess_inversion, v_alt_pattern_4, v_pattern_1,
          nicolae_vaults_little_squares_4, ontoclasm_vaults_twist,
          ontoclasm_vaults_gateway, serial_shops, shop
Vaults:3: minmay_crypt_entry_necro_gods, vaults_room_grunt_arrival_checkpoint,
          v_misc_18, v_rooms_6, v_misc_27, v_misc_18, serial_ice_h,
          vaults_room_door_ring, v_misc_8, grunt_vaults_hallway_short, uniq_jory
Vaults:4: ontoclasm_vaults_spin, hangedman_vaults_stitches, v_alt_pattern_1,
          special_room_vaults, dpeg_vaults_monster_box
Vaults:5: serial_shops
Crypt:1:  grunt_crypt_arrival_guarded_gate, uniq_saint_roka
Crypt:2:  glass_columns_c
Crypt:3:  church_of_pain_bobbens, tomb_entry_shell_bobbens
Depths:1: enter_ziggurat_b, abyss_entry, hell_entry,
          hangedman_abyss_or_decor_passed, hangedman_abyss_or_decor_stagger,
          wad_floor_pattern_2, kennysheep_just_a_vault
Depths:2: hangedman_spin_cycle, serial_shops, hell_entry
Depths:3: minmay_the_grid_square_5x5_3x3, grunt_hell_entry_dis_grunt,
          patterned_corridor, rand_demon_pan_entry_7, abyss_entry_crystal,
          serial_shops, nicolae_shop_waterfront,
          minmay_staircase_windowed_small, uniq_boris
Depths:4: evilmike_cross, abyss_entry_glasseish, pf_hell_entry_tar_river,
          serial_shops, kennysheep_little_box, serial_glass, glass_columns_b,
          glass_columns_b, glass_columns_c, glass_columns_a, item_on_display_a,
          feat_on_display, due_unseen_surprise, item_on_display_a,
          moated_statue, kennysheep_decorative_pillar, minmay_staircase_bubble,
          firewood_loft, serial_bayou_shore_b
Depths:5: grunt_zot_entry_gee_three, grunt_metal_band, serial_curves,
          eino_curves_04, eino_curves_01, eino_curves_02, abyss_entry,
          due_unseen_surprise
Bazaar:   bazaar_short_row
WizLab:   wizlab_cloud

Skill      XL: |  1  2  3  4  5  6  7  8  9 10 11 12 13 14 15 16 17 18 19 20 21 22 23 24 25 |
---------------+----------------------------------------------------------------------------+-----
Fighting       | 4 5 6 8 10 11 13 14 15 17 18 19 20 21 22 23 24 | 24.6
Shields        | 4 5 6 7 8 9 10 11 12 13 14 15 16 17 18 19 20 21 | 21.9
Armour         | 4 5 6 7 8 10 11 12 13 14 15 16 17 18 19 20 | 20.6
Maces & Flails | 3 4 5 6 7 8 9 10 11 12 13 14 15 16 18 19 20 | 20.6
Evocations     | 3 5 6 9 11 12 13 14 | 14.3

Action                   |  1- 3 |  4- 6 |  7- 9 | 10-12 | 13-15 | 16-18 | 19-21 | 22-24 | 25-27 || total
-------------------------+-------+-------+-------+-------+-------+-------+-------+-------+-------++-------
Melee: Flail             |   111 |    41 |       |       |   418 |    53 |       |       |       ||   623
       Mace              |       |   152 |   426 |   909 |   316 |   614 |   453 |  1823 |   750 ||  5443
       Great mace        |       |    51 |       |       |       |       |       |       |       ||    51
       Demon whip        |       |       |       |       |   727 |   256 |       |       |       ||   983
       Eveningstar       |       |       |       |       |       |   446 |   993 |       |       ||  1439
 Fire: Hunting sling     |       |       |       |     4 |       |       |       |       |       ||     4
Invok: Call Merchant     |       |       |       |       |     3 |     4 |     2 |     2 |       ||    11
       Potion Petition   |       |       |       |       |       |     1 |       |       |       ||     1
 Abil: Fly               |       |       |       |       |       |     3 |       |     1 |       ||     4
       Stop Flying       |       |       |       |       |       |     2 |       |     1 |     1 ||     4
Evoke: Wand              |       |       |       |     6 |    37 |    10 |    11 |    11 |     3 ||    78
       Lightning rod     |       |       |       |       |     5 |       |       |       |       ||     5
       Phial of floods   |       |       |       |       |       |     1 |     1 |       |       ||     2
       Lamp of fire      |       |       |       |       |       |       |     1 |       |       ||     1
       Phantom mirror    |       |       |       |       |       |       |     1 |       |     2 ||     3
       Box of beasts     |       |       |       |       |       |       |       |     2 |       ||     2
  Use: Scroll            |       |     9 |    12 |     6 |    17 |    21 |    19 |    16 |     7 ||   107
       Potion            |       |       |     6 |     1 |    10 |    10 |     1 |    12 |    11 ||    51
 Stab: Distracted        |       |       |     1 |     3 |    10 |     9 |     9 |    15 |     3 ||    50
       Invisible         |       |       |     1 |       |       |       |       |       |       ||     1
       Paralysed         |       |       |       |     4 |     3 |       |       |       |       ||     7
  Eat: Chunk             |       |     8 |     4 |     2 |       |       |       |       |       ||    14
       Ration            |       |       |     3 |     7 |    12 |    11 |    12 |    10 |     5 ||    60
Armor: Scale mail        |    63 |   161 |   105 |       |       |       |       |       |       ||   329
       Ring mail         |       |       |    51 |   250 |   129 |       |       |       |       ||   430
       Plate armour      |       |       |       |       |   310 |   575 |    76 |       |       ||   961
       Crystal plate arm |       |       |       |       |       |    44 |   328 |   579 |   560 ||  1511
Dodge: Dodged            |    36 |   116 |    94 |   113 |   173 |   157 |    77 |   117 |   149 ||  1032
Block: Shield            |    64 |    90 |       |       |       |       |       |       |       ||   154
       Large shield      |       |    26 |   379 |   857 |  1364 |  1439 |  1310 |  1859 |   534 ||  7768

Table legend:
 A = Spawn XP
 B = Non-spawn XP
 C = Spawn XP percentage of total XP
 D = Spawn monster count
 E = Non-spawn monster count
 F = Spawn count percentage of total count
 G = Total turns spent on level
                    A         B        C        D         E        F      G
               +---------+---------+-------+---------+---------+-------+---------
         Total |       0 | 1081762 |   0.0 |       0 |    2151 |   0.0 | 63007
               +---------+---------+-------+---------+---------+-------+---------
           D:1 |       0 |      35 |   0.0 |       0 |      20 |   0.0 |   816
           D:2 |       0 |     151 |   0.0 |       0 |      39 |   0.0 |   966
           D:3 |       0 |     160 |   0.0 |       0 |      26 |   0.0 |   756
           D:4 |       0 |     493 |   0.0 |       0 |      29 |   0.0 |  1340
           D:5 |       0 |    1497 |   0.0 |       0 |      20 |   0.0 |  1349
           D:6 |       0 |     478 |   0.0 |       0 |      15 |   0.0 |   583
           D:7 |       0 |    1391 |   0.0 |       0 |      28 |   0.0 |  1071
           D:8 |       0 |    2598 |   0.0 |       0 |      26 |   0.0 |  1059
           D:9 |       0 |    5450 |   0.0 |       0 |      31 |   0.0 |  1716
          D:10 |       0 |    2062 |   0.0 |       0 |      23 |   0.0 |   775
          D:11 |       0 |    5217 |   0.0 |       0 |      42 |   0.0 |   901
          D:12 |       0 |    5042 |   0.0 |       0 |      31 |   0.0 |  1523
          D:13 |       0 |    7816 |   0.0 |       0 |      24 |   0.0 |  1152
          D:14 |       0 |   14601 |   0.0 |       0 |      44 |   0.0 |  1353
          D:15 |       0 |   19074 |   0.0 |       0 |      38 |   0.0 |  1634
        Lair:1 |       0 |    2948 |   0.0 |       0 |      20 |   0.0 |  1208
        Lair:2 |       0 |    8622 |   0.0 |       0 |      36 |   0.0 |  1354
        Lair:3 |       0 |    1601 |   0.0 |       0 |       8 |   0.0 |   786
        Lair:4 |       0 |    9074 |   0.0 |       0 |      36 |   0.0 |  1055
        Lair:5 |       0 |   13532 |   0.0 |       0 |      41 |   0.0 |  1051
        Lair:6 |       0 |   19034 |   0.0 |       0 |      57 |   0.0 |  1310
       Swamp:1 |       0 |    9799 |   0.0 |       0 |      14 |   0.0 |   755
       Swamp:2 |       0 |   12853 |   0.0 |       0 |      36 |   0.0 |   664
       Swamp:3 |       0 |   17820 |   0.0 |       0 |      37 |   0.0 |   824
       Swamp:4 |       0 |   22153 |   0.0 |       0 |      57 |   0.0 |  1382
      Spider:1 |       0 |   10579 |   0.0 |       0 |      29 |   0.0 |   982
      Spider:2 |       0 |    9503 |   0.0 |       0 |      27 |   0.0 |   821
      Spider:3 |       0 |    5214 |   0.0 |       0 |      13 |   0.0 |   482
      Spider:4 |       0 |   38045 |   0.0 |       0 |      80 |   0.0 |  1236
         Orc:1 |       0 |    4814 |   0.0 |       0 |      33 |   0.0 |  1396
         Orc:2 |       0 |   20685 |   0.0 |       0 |     129 |   0.0 |  4266
         Elf:1 |       0 |   22346 |   0.0 |       0 |      39 |   0.0 |  1310
         Elf:2 |       0 |   45661 |   0.0 |       0 |      64 |   0.0 |  1753
         Elf:3 |       0 |   60007 |   0.0 |       0 |      68 |   0.0 |  1811
      Vaults:1 |       0 |   43809 |   0.0 |       0 |      84 |   0.0 |  1863
      Vaults:2 |       0 |   43925 |   0.0 |       0 |      76 |   0.0 |  2078
      Vaults:3 |       0 |   40265 |   0.0 |       0 |      64 |   0.0 |  2572
      Vaults:4 |       0 |   74363 |   0.0 |       0 |     109 |   0.0 |  1836
      Vaults:5 |       0 |    6841 |   0.0 |       0 |       4 |   0.0 |    54
       Crypt:1 |       0 |   16149 |   0.0 |       0 |      48 |   0.0 |   958
       Crypt:2 |       0 |   30856 |   0.0 |       0 |      37 |   0.0 |  1077
       Crypt:3 |       0 |   69189 |   0.0 |       0 |     112 |   0.0 |  1937
      Depths:1 |       0 |   43461 |   0.0 |       0 |      52 |   0.0 |  1393
      Depths:2 |       0 |  124946 |   0.0 |       0 |     129 |   0.0 |  2788
      Depths:3 |       0 |   15550 |   0.0 |       0 |      27 |   0.0 |  1012
      Depths:4 |       0 |   51467 |   0.0 |       0 |      46 |   0.0 |  1602
      Depths:5 |       0 |  107344 |   0.0 |       0 |      76 |   0.0 |  1714
        WizLab |       0 |   13242 |   0.0 |       0 |      27 |   0.0 |   534
               +---------+---------+-------+---------+---------+-------+---------
